 Dungeon Crawl Stone Soup version 0.25-a0-36-g303dd5b1f4 (webtiles) character file.

Game seed: 11641484935236799290, levelgen mode: deterministic

172 Froggeryz the Cudgeler (level 5, -6/47 HPs)
             Began as a Gnoll Chaos Knight on Oct 20, 2019.
             Was a Plaything of Xom.
             Shot with an arrow by a centaur (16 damage)
             ... on level 5 of the Dungeon.
             The game lasted 00:03:05 (1876 turns).

Froggeryz the Cudgeler (Gnoll Chaos Knight)         Turns: 1876, Time: 00:03:08

Health: -6/47      AC:  3    Str: 14    XL:     5   Next: 52%
Magic:  7/7        EV: 13    Int: 15    God:    Xom [...*..]
Gold:   78         SH:  0    Dex: 15    Spells: 7/7 levels left

rFire    . . .     SeeInvis .   a - +0 mace (chaos)
rCold    . . .     Gourm    .   (no shield)
rNeg     . . .     Faith    .   b - +2 leather armour
rPois    .         Spirit   .   g - -1 helmet (curse)
rElec    .         Reflect  .   (no cloak)
rCorr    .         Harm     .   (no gloves)
MR       .....                  i - +0 pair of boots
Stlth    ++........             (no amulet)
HPRegen  0.15/turn              m - ring of wizardry
MPRegen  0.10/turn              (no ring)

@: corroded
A: distributed training, fangs 1, strong nose
a: Renounce Religion


You were on level 5 of the Dungeon.
You worshipped Xom.
You were a favourite toy of Xom.
You were not hungry.

You visited 1 branch of the dungeon, and saw 4 of its levels.

You collected 78 gold pieces.

Inventory:

Hand Weapons
 a - a +0 mace of chaos (weapon)
Missiles
 f - 8 poisoned darts (quivered)
 l - a throwing net
 q - 5 boomerangs
Armour
 b - a +2 leather armour (worn)
 g - a cursed -1 helmet (worn)
 i - a +0 pair of boots (worn)
Jewellery
 m - a ring of wizardry (left hand)
Scrolls
 h - a scroll of remove curse
 j - a scroll of amnesia {unknown}
 n - a scroll of identify
 o - a scroll of enchant armour {unknown}
Potions
 d - a potion of brilliance {unknown}
 k - a potion of invisibility {unknown}
 p - a potion of agility {unknown}
Comestibles
 c - 3 rations


   Skills:
 + Level 6.7 Fighting
 + Level 1.5 Short Blades
 + Level 1.5 Long Blades
 + Level 1.5 Axes
 + Level 6.7 Maces & Flails
 + Level 1.5 Polearms
 + Level 1.5 Staves
 + Level 1.5 Slings
 + Level 1.5 Bows
 + Level 1.5 Crossbows
 + Level 1.5 Throwing
 + Level 4.8 Armour
 + Level 3.0 Dodging
 + Level 1.5 Stealth
 + Level 1.5 Shields
 + Level 1.5 Unarmed Combat
 + Level 1.5 Spellcasting
 + Level 1.2 Conjurations
 + Level 1.2 Hexes
 + Level 1.2 Charms
 + Level 1.2 Summonings
 + Level 1.2 Necromancy
 + Level 1.2 Translocations
 + Level 1.2 Transmutations
 + Level 1.2 Fire Magic
 + Level 1.2 Ice Magic
 + Level 1.2 Air Magic
 + Level 1.2 Earth Magic
 + Level 1.2 Poison Magic
 + Level 1.7 Invocations
 + Level 1.5 Evocations


You had 7 spell levels left.
You didn't know any spells.
Your spell library was empty.

Dungeon Overview and Level Annotations

Branches:
Dungeon (3/15)

Altars:

Annotations:
D:5 Ijyb


Innate Abilities, Weirdness & Mutations

Your experience applies equally to all skills.
You have very sharp teeth.
Your uncanny sense of smell can sniff out nearby items.


Message History

Ijyb zaps a wand.
The bolt of acid hits you! The acid corrodes you!
You are splashed with acid!
A centaur comes into view.
Okay, then.
It was a potion of curing.
You feel better.
The centaur wields a +0 shortbow.
The centaur shoots an arrow.
The arrow closely misses you. The adder bites you but does no damage.
Found a silvery potion.
You feel better.
The centaur shoots an arrow.
The arrow closely misses you. The adder bites you but does no damage.
As you read the scroll labeled GAAB KOANEATA, it crumbles to dust.
It is a scroll of identify.
h - a scroll of remove curse The gnoll shouts!
You hear a shout!
Ijyb screams, "It's all mine!"
Ijyb zaps a wand.
The bolt of acid hits you!
You are splashed with acid!
* * * LOW HITPOINT WARNING * * *
The centaur shoots an arrow.
The arrow hits you!
You die...
Xom snickers!

##8## ##.. ......##
8...8##... .....#
.....##... ....#
.....>#... .#+##c..#
.....##... ........#
8...8##... !.......#
##8## #...
........#############...
......S@......#.........
.#....g.....###.........
#......(...............
#....###...............
#..#. ###g............
...... #.............
..... ...............
..... .........##...##
......#.... .)..


You could see Ijyb, a centaur, a gnoll and an adder.

Vanquished Creatures
  An orc priest (D:5)
  2 orc wizards (D:5)
  A gnoll (D:1)
  4 adders
  An ooze (D:2)
  A leopard gecko (D:1)
  2 orcs (D:5)
  10 giant cockroaches
  4 goblins
  6 hobgoblins
  6 jackals
  A ball python (D:2)
  4 bats
  3 frilled lizards
  3 kobolds
  6 rats
55 creatures vanquished.

Notes
Turn   | Place    | Note
-------+----------+-------------------------------------------
     0 | D:1      | Froggeryz the Gnoll Chaos Knight began the quest for the
                  | Orb.
     0 | D:1      | Reached XP level 1. HP: 23/23 MP: 1/1
    74 | D:1      | Reached XP level 2. HP: 28/29 MP: 2/2
   198 | D:1      | XOM: harmless Tloc miscast
   356 | D:1      | Reached XP level 3. HP: 35/35 MP: 3/3
   366 | D:1      | XOM: potion effect (curing)
   612 | D:1      | XOM: cloud trail
   793 | D:2      | Reached skill level 1 in Invocations
   812 | D:2      | Reached skill level 1 in Short Blades
   812 | D:2      | Reached skill level 1 in Long Blades
   812 | D:2      | Reached skill level 1 in Axes
   812 | D:2      | Reached skill level 1 in Polearms
   812 | D:2      | Reached skill level 1 in Staves
   812 | D:2      | Reached skill level 1 in Slings
   812 | D:2      | Reached skill level 1 in Bows
   812 | D:2      | Reached skill level 1 in Crossbows
   812 | D:2      | Reached skill level 1 in Throwing
   812 | D:2      | Reached skill level 1 in Stealth
   812 | D:2      | Reached skill level 1 in Shields
   812 | D:2      | Reached skill level 1 in Unarmed Combat
   812 | D:2      | Reached skill level 1 in Spellcasting
   812 | D:2      | Reached skill level 1 in Evocations
   812 | D:2      | Reached XP level 4. HP: 22/41 MP: 5/5
  1324 | D:2      | XOM: harmless Tloc miscast
  1507 | D:2      | XOM: scenery: 2 doors close
  1663 | D:3      | Reached skill level 1 in Conjurations
  1663 | D:3      | Reached skill level 1 in Hexes
  1663 | D:3      | Reached skill level 1 in Charms
  1663 | D:3      | Reached skill level 1 in Summonings
  1663 | D:3      | Reached skill level 1 in Necromancy
  1663 | D:3      | Reached skill level 1 in Translocations
  1663 | D:3      | Reached skill level 1 in Transmutations
  1663 | D:3      | Reached skill level 1 in Fire Magic
  1663 | D:3      | Reached skill level 1 in Ice Magic
  1663 | D:3      | Reached skill level 1 in Air Magic
  1663 | D:3      | Reached skill level 1 in Earth Magic
  1663 | D:3      | Reached skill level 1 in Poison Magic
  1677 | D:3      | XOM: god gift: 13 stones
  1696 | D:3      | You fall into a shaft and drop 2 floors!
  1696 | D:5      | Entered Level 5 of the Dungeon
  1701 | D:5      | Reached XP level 5. HP: 38/47 MP: 5/7
  1864 | D:5      | XOM: noise
  1871 | D:5      | Noticed Ijyb
  1872 | D:5      | Noticed a centaur
  1876 | D:5      | Shot with an arrow by a centaur

Levels and vault maps discovered:
D:1:      evilmike_arrival_rings, layout_basic
D:2:      minmay_roachtagon, layout_basic, kennysheep_potato
D:3:      layout_loops_ring
D:5:      cheibrodos_iron_armory, layout_basic, nicolae_overflow_hidden_temple,
          minmay_misc_feat_secret_circle, lemuel_another_geyser, uniq_ijyb

Skill      XL: |  1  2  3  4  5 |
---------------+----------------+-----
Invocations    | 1 |  1.7
Short Blades   | 1 |  1.5
Long Blades    | 1 |  1.5
Axes           | 1 |  1.5
Polearms       | 1 |  1.5
Staves         | 1 |  1.5
Slings         | 1 |  1.5
Bows           | 1 |  1.5
Crossbows      | 1 |  1.5
Throwing       | 1 |  1.5
Stealth        | 1 |  1.5
Shields        | 1 |  1.5
Unarmed Combat | 1 |  1.5
Spellcasting   | 1 |  1.5
Evocations     | 1 |  1.5
Conjurations   | 1 |  1.2
Hexes          | 1 |  1.2
Charms         | 1 |  1.2
Summonings     | 1 |  1.2
Necromancy     | 1 |  1.2
Translocations | 1 |  1.2
Transmutations | 1 |  1.2
Fire Magic     | 1 |  1.2
Ice Magic      | 1 |  1.2
Air Magic      | 1 |  1.2
Earth Magic    | 1 |  1.2
Poison Magic   | 1 |  1.2
Dodging        | 3 |  3.0
Fighting       | |  6.7
Maces & Flails | |  6.7
Armour         | |  4.8

Action                   |  1- 3 |  4- 6 || total
-------------------------+-------+-------++-------
Melee: Mace              |    67 |    81 ||   148
       Bite              |     5 |    10 ||    15
  Use: Potion            |       |     2 ||     2
       Scroll            |       |     1 ||     1
 Stab: Sleeping          |       |     2 ||     2
       Confused          |       |     2 ||     2
  Eat: Chunk             |       |     3 ||     3
Armor: Leather armour    |    40 |    26 ||    66
Dodge: Dodged            |    60 |    60 ||   120

Table legend:
 A = Non-vault XP
 B = Vault XP
 C = Vault XP percentage of total XP
 D = Non-vault monster count
 E = Vault monster count
 F = Vault count percentage of total count
                 A         B        C        D         E       F
            +---------+---------+-------+---------+---------+-------
      Total |     228 |      18 |   7.3 |      46 |       9 |  16.4
            +---------+---------+-------+---------+---------+-------
        D:1 |      47 |       0 |   0.0 |      20 |       0 |   0.0
        D:2 |      59 |      18 |  23.4 |      14 |       9 |  39.1
        D:3 |      24 |       0 |   0.0 |       7 |       0 |   0.0
        D:5 |      98 |       0 |   0.0 |       5 |       0 |   0.0
            +---------+---------+-------+---------+---------+-------
